 Dungeon Crawl Stone Soup version 0.30.1 (webtiles) character file.

Game seed: 10193165862449956679

24032 Babbit the Slicer (level 12, 0/85 HPs)
             Began as a Grey Draconian Conjurer on July 9, 2023.
             Was a Believer of Lugonu.
             Killed from afar by Louise (8 damage)
             ... with a bolt of lightning
             ... on level 1 of the Snake Pit.
             The game lasted 01:56:49 (10587 turns).

Babbit the Slicer (Grey Draconian Conjurer)        Turns: 10587, Time: 01:56:49

Health: 0/85       AC: 21    Str:  9    XL:     12   Next: 77%
Magic:  0/5        EV: 18    Int: 16    God:    Lugonu [**....]
Gold:   616        SH:  0    Dex: 14    Spells: 11/17 levels left

rFire   . . .        k - +6 short sword "Zontay" {antimagic, rElec rPois rC+ Dex+4}
rCold   . . .        B - orb {*Rage}
rNeg    . . .        (body armour unavailable)
rPois   +            (helmet restricted)
rElec   +            (no cloak)
rCorr   .            v - +2 pair of gloves {infuse}
SInv    .            p - +0 pair of boots
Will    .....        u - amulet of regeneration
Stlth   +++          y - +4 ring of protection
HPRegen 1.14/turn    t - ring of poison resistance
MPRegen 0.09/turn

%: random rage (29%)
@: on berserk cooldown, slowed, very slow
A: AC +13, amphibious, unfitting armour, cold-blooded, [berserk 2], [clumsy 2],
[dopey 1], [frail 2], [weak 1], [cold vulnerability 1], [subdued magic 1]
a: Renounce Religion, Depart the Abyss, Banish


You were on level 1 of the Snake Pit.
You worshipped Lugonu.
Lugonu was pleased with you.
You visited 3 branches of the dungeon, and saw 13 of its levels.
You visited the Abyss 1 time.
You also visited: Ossuary and Bailey.

You collected 658 gold pieces.
You spent 42 gold pieces at shops.

Inventory:

Hand Weapons
 e - a +0 dagger of protection
 k - the +6 short sword "Zontay" (weapon) {antimagic, rElec rPois rC+ Dex+4}
   (You found it on level 2 of the Dungeon)

   Dex:       It affects your dexterity (+4).
   rC:        It protects you from cold.
   rElec:     It insulates you from electricity.
   rPois:     It protects you from poison.
Missiles
 T - 5 throwing nets
Armour
 p - a +0 pair of boots (worn)
 v - a +2 pair of gloves of infusion (worn)
 B - an orb of wrath (worn)
 U - +0 steam dragon scales
Magical Staves
 O - the staff of air "Kuumedott" {rElec rF+}
   (You found it in a bailey)

   [staff of air]

   Base accuracy: +5 Base damage: 5 Base attack delay: 1.2 This weapon's minimum
   attack delay (0.6) is reached at skill level 12.
   rF:        It protects you from fire.
   rElec:     It insulates you from electricity.
   It falls into the 'Staves' category.
   It is a one-handed weapon.
Jewellery
 l - an amulet of reflection
 t - a ring of poison resistance (right hand)
 u - an amulet of regeneration (around neck)
 y - a +4 ring of protection (left hand)
 E - a ring of fire
 G - a ring of magical power
 W - a +5 ring of evasion
Wands
 c - a wand of light (3)
 r - a wand of iceblast (12)
 F - a wand of polymorph (9)
 H - a wand of flame (41)
 I - a wand of charming (8)
 R - a wand of mindburst (12)
Scrolls
 f - a scroll of identify
 g - 2 scrolls of poison
 h - a scroll of vulnerability {unknown}
 m - 3 scrolls of fog
 o - 5 scrolls of teleportation
 q - 3 scrolls of immolation {unknown}
 z - 2 scrolls of noise {unknown}
 D - 3 scrolls of amnesia {unknown}
 K - a scroll of magic mapping {unknown}
 L - a scroll of silence {unknown}
 N - 5 scrolls of enchant weapon {unknown}
 P - 2 scrolls of enchant armour {unknown}
 Q - 3 scrolls of acquirement {unknown}
Potions
 a - a potion of magic
 i - a potion of ambrosia {unknown}
 s - 4 potions of attraction
 w - 2 potions of brilliance {unknown}
 x - 2 potions of cancellation
 A - a potion of flight {unknown}
 C - 3 potions of mutation
 J - 3 potions of haste {unknown}
 M - 2 potions of invisibility {unknown}
 S - 3 potions of lignification {unknown}
 V - 2 potions of resistance {unknown}
Miscellaneous
 n - a box of beasts (inert) (quivered)


   Skills:
 + Level 10.5 Fighting
 + Level 12.2 Short Blades
 + Level 12.0 Dodging
 + Level 7.0 Stealth
 + Level 2.2 Shields
 + Level 0.1 Unarmed Combat
 + Level 3.1 Spellcasting
 + Level 4.8 Conjurations
 + Level 1.3 Evocations


You had 11 spell levels left.
You knew the following spells:

 Your Spells              Type           Power      Damage    Failure   Level
a - Magic Dart            Conj           52%        1d5       1%          1
b - Searing Ray           Conj           26%        2d5       2%          2
c - Freeze                Ice            4%         1d3       16%         1
d - Momentum Strike       Conj/Tloc      14%        3d8       9%          2

Your spell library contained the following spells:

 Spells                   Type           Power      Damage    Failure   Level
 Slow                     Hex            4%         N/A       16%         1
 Dazzling Flash           Conj/Hex       14%        N/A       17%         3
 Hailstorm                Conj/Ice       7%         3d4       17%         3
 Call Canine Familiar     Summ           1%         N/A       45%         3
 Confusing Touch          Hex            1%         N/A       45%         3
 Frozen Ramparts          Ice            2%         1d1       45%         3
 Portal Projectile        Hex/Tloc       2%         N/A       45%         3
 Vampiric Draining        Necr           1%         2d6       45%         3
 Fulminant Prism          Conj/Hex       3%         3d5       52%         4
 Iskenderun's Mystic Bla  Conj/Tloc      7%         2d4       52%         4
 Leda's Liquefaction      Hex/Erth       0%         N/A       86%         4
 Conjure Ball Lightning   Conj/Air       3%         3x3d6     100%        6
 Disjunction              Tloc           0%         N/A       100%        8


Dungeon Overview and Level Annotations

Branches:
Dungeon (10/15)            Temple (0/1) D:7            Lair (2/5) D:9
  Snake (1/4) Lair:2      Ossuary (visited)          Bailey (visited)
  Swamp: Lair:2-3    Shoals: Lair:2-3       Orc: D:9-12

Altars:
Dithmenos
Fedhas
Makhleb
Uskayaw
Xom
The Shining One

Shops:
D:1 !(*(*   D:5 [

Annotations:
D:10 1 transporter
Snake:1 Louise


Innate Abilities, Weirdness & Mutations

Your dull iron-grey scales are very hard. (AC +13)
You are amphibious.
You cannot fit into any form of body armour.
You are cold-blooded and may be slowed by cold attacks.
[You have an uncontrollable temper.]
[You are very clumsy. (Dex -4)]
[You are dopey. (Int -2)]
[You are very frail. (-20% HP)]
[You are weak. (Str -2)]
[You are vulnerable to cold. (rC-)]
[Your spells are a little easier to cast, but a little less powerful.]


Message History

The small abomination completely misses you.
There is a gateway leading out of the Abyss here.
The small abomination hits you!
* * * LOW HITPOINT WARNING * * *
You pass through the gate.
Welcome back to the Snake Pit!
Level annotation: Louise The naga spits poison at you.
The splash of poison misses you.
The splash of poison hits the small abomination.
The small abomination completely resists.
You hit the small abomination.
The small abomination is heavily damaged.
The small abomination barely misses you.
You hit the small abomination but do no damage.
The small abomination is heavily damaged.
The small abomination misses you.
You hit the small abomination.
The small abomination is severely damaged.
The small abomination hits you but does no damage.
Louise hits you with a +1 eveningstar of flaming.
* * * LOW HITPOINT WARNING * * *
Louise burns you.
* * * LOW HITPOINT WARNING * * *
You hit the small abomination.
The small abomination is severely damaged.
The small abomination completely misses you.
Louise hits you but does no damage.
You hit the small abomination.
The small abomination is almost destroyed.
The small abomination hits you but does no damage.
You puncture the small abomination!
You destroy the small abomination!
Lugonu accepts your kill. Louise completely misses you.
Found 18 gold pieces.
The shock serpent bites you but does no damage.
Louise casts a spell at you. The bolt of lightning hits you! You resist.
You die...

...... #...##...
......##..........
.#................
..................
........<.......#.
...........#.....$
..................
..........S.......
........#.@.......
.......N@##.......
.#.....N.# .......
#.......# ..#.)..
#........ ..###..
#........ ... .
......#......#
..(.##. ....


You could see Louise, a shock serpent and 2 nagas.

Vanquished Creatures
  A tentacled starspawn (Abyss:2)
  A centaur warrior (D:8)
  2 two-headed ogres
  4 death yaks (Lair:2)
  2 wretched stars (Abyss:2)
  A glowing orange brain (Abyss:2)
  A bog body (Lair:2)
  An ugly thing (D:6)
  Joseph (D:8)
  A black mamba (Lair:2)
  A smoke demon (Abyss:2)
  4 cane toads (Lair:1)
  2 large abominations (Abyss:2)
  A gargoyle (D:10)
  A kobold demonologist (D:9)
  A freezing wraith (Abyss:2)
  An ancient zyme (Abyss:2)
  A silent spectre (Abyss:2)
  Prince Ribbit (D:5)
  A raiju (Abyss:2)
  A slime creature (D:8)
  A shadow (D:9)
  19 yaks
  Grum (Bailey)
  A basilisk (Lair:1)
  2 steam dragons
  A chaos spawn (Abyss:2)
  A neqoxec (Abyss:2)
  Menkaure (D:7)
  Edmund (D:5)
  6 nagas (Lair:2)
  Duvessa (D:5)
  An ice beast (D:8)
  4 water moccasins
  3 sky beasts
  A hornet zombie (Ossuary)
  2 orc warriors
  4 black bears
  An ogre (D:6)
  6 wolves (Bailey)
  2 phantoms
  6 kobold brigands
  Blork the orc (D:5)
  11 bullfrogs
  9 gnoll sergeants
  5 scorpions
  A water moccasin zombie (Ossuary)
  11 wights
  Dowan (D:5)
  4 small abominations
  4 killer bees
  A quasit (Abyss:2)
  4 bullfrog zombies (Ossuary)
  6 centaur zombies (Ossuary)
  4 hounds
  3 orc priests
  6 gnoll boudas (Bailey)
  2 orc wizards
  3 iguanas
  A killer bee zombie (Ossuary)
  20 mummies
  2 howler monkey zombies (Ossuary)
  4 adders
  18 gnolls
  3 white imps
  An ufetubus (D:6)
  2 worms
  4 dart slugs
  9 orcs
  8 endoplasms
  3 giant cockroaches
  6 hobgoblins
  3 quokkas
  8 ball pythons
  5 bats
  3 frilled lizards
  8 goblins
  A hobgoblin zombie (D:8)
  17 kobolds
  3 kobold zombies (D:8)
  2 orc zombies (D:8)
  8 rats
310 creatures vanquished.

Vanquished Creatures (collateral kills)
  A death yak (Lair:2)
  A wyvern (D:9)
2 creatures vanquished.

Vanquished Creatures (others)
  5 dream sheep (D:4)
  4 starspawn tentacles (Abyss:2)
9 creatures vanquished.

Grand Total: 321 creatures vanquished

Notes
Turn   | Place    | Note
-------+----------+-------------------------------------------
     0 | D:1      | Babbit the Draconian Conjurer began the quest for the Orb.
     0 | D:1      | Reached XP level 1. HP: 14/14 MP: 3/3
   229 | D:1      | Found Teefum's Antique Weapon Shop.
   252 | D:1      | Reached XP level 2. HP: 20/20 MP: 0/5
   297 | D:1      | Found Ovoix's Distillery.
   356 | D:1      | Bought a potion of curing for 42 gold pieces
   566 | D:1      | Found Opherch's General Store.
   760 | D:1      | Found Bakuagua's General Store.
   821 | D:1      | Found Jiargh's Antique Weapon Boutique.
   945 | D:2      | Reached XP level 3. HP: 26/26 MP: 2/6
   950 | D:2      | Identified the +6 short sword "Zontay" {antimagic, rElec
                  | rPois rC+ Dex+4}
  1181 | D:2      | Found a faded altar of an unknown god.
  1514 | D:3      | Reached skill level 1 in Short Blades
  1545 | D:3      | Reached skill level 1 in Shields
  1803 | D:3      | Reached XP level 4. HP: 34/34 MP: 2/7
  2034 | D:4      | Noticed a scorpion
  2060 | D:4      | Killed a scorpion
  2061 | D:4      | Reached XP level 5. HP: 26/39 MP: 0/8
  2111 | D:4      | Learned a level 2 spell: Searing Ray
  2159 | D:4      | Reached skill level 1 in Fighting
  2585 | D:4      | Found a burning altar of Makhleb.
  2593 | D:4      | Became a worshipper of Makhleb the Destroyer
  2756 | D:4      | Noticed a dream sheep
  2756 | D:4      | Noticed a dream sheep
  2756 | D:4      | Noticed a dream sheep
  2756 | D:4      | Noticed a dream sheep
  2756 | D:4      | Noticed a dream sheep
  2756 | D:4      | Found a shimmering altar of Xom.
  2760 | D:4      | Killed a dream sheep
  2761 | D:4      | Killed a dream sheep
  2761 | D:4      | Killed a dream sheep
  2761 | D:4      | Killed a dream sheep
  2762 | D:4      | Killed a dream sheep
  2811 | D:5      | Entered Level 5 of the Dungeon
  2822 | D:5      | Found a glowing golden altar of the Shining One.
  2886 | D:5      | Reached XP level 6. HP: 48/48 MP: 0/9
  2897 | D:5      | Noticed Dowan
  2911 | D:5      | Killed Dowan
  2935 | D:5      | Noticed Prince Ribbit
  2953 | D:5      | Killed Prince Ribbit
  2954 | D:5      | Your scales start taking on a dull iron-grey colour.
  2954 | D:5      | Reached XP level 7. HP: 46/56 MP: 0/10
  3011 | D:5      | Found a blossoming altar of Fedhas.
  3055 | D:5      | Noticed Edmund
  3074 | D:5      | Killed Edmund
  3194 | D:5      | Found Nidwower's Antique Armour Shoppe.
  3258 | D:5      | Noticed Duvessa
  3280 | D:5      | Killed Duvessa
  3311 | D:5      | Reached skill level 5 in Short Blades
  3331 | D:5      | Noticed Blork the orc
  3342 | D:5      | Killed Blork the orc
  3623 | D:6      | Reached XP level 8. HP: 64/66 MP: 0/11
  3840 | D:6      | Noticed a purple ugly thing
  3907 | D:6      | Killed a purple ugly thing
  3908 | D:6      | Reached skill level 5 in Dodging
  3977 | D:6      | Reached XP level 9. HP: 63/72 MP: 0/12
  4092 | D:6      | Found a hide-covered altar of Uskayaw.
  4258 | D:6      | Learned a level 1 spell: Freeze
  4300 | D:6      | Reached * piety under Makhleb
  4329 | D:7      | Found a staircase to the Ecumenical Temple.
  4846 | D:7      | Noticed Menkaure
  4853 | D:7      | Killed Menkaure
  4854 | D:7      | Reached skill level 5 in Fighting
  5067 | D:7      | Found a shadowy altar of Dithmenos.
  5251 | D:8      | Noticed Maggie
  5254 | D:8      | Maggie changed into Maggie the sky beast
  5254 | D:8      | Noticed Maggie
  5273 | D:8      | Killed Maggie the sky beast
  5285 | D:8      | Noticed a two-headed ogre
  5308 | D:8      | Killed a two-headed ogre
  5309 | D:8      | Reached skill level 5 in Stealth
  5551 | D:8      | Found a sand-covered staircase.
  5596 | Ossuary  | Entered an ossuary
  5633 | Ossuary  | Reached XP level 10. HP: 83/83 MP: 0/13
  5648 | Ossuary  | Reached ** piety under Makhleb
  6163 | D:8      | Noticed Joseph
  6184 | D:8      | Killed Joseph
  6278 | D:8      | Reached skill level 10 in Short Blades
  6331 | D:8      | Noticed a centaur warrior
  6348 | D:8      | Killed a centaur warrior
  6427 | D:8      | Reached *** piety under Makhleb
  6796 | D:9      | Found a flagged portal.
  6796 | D:9      | Noticed a two-headed ogre
  6812 | D:9      | Killed a two-headed ogre
  6813 | D:9      | Reached XP level 11. HP: 92/92 MP: 0/14
  6832 | Bailey   | Entered a bailey
  7114 | Bailey   | Reached **** piety under Makhleb
  7192 | Bailey   | Noticed Grum
  7254 | Bailey   | Killed Grum
  7311 | Bailey   | Identified the staff of air "Kuumedott" {rElec rF+}
  7313 | Bailey   | Got Orie's Meditations on Distance and Destruction
  7317 | Bailey   | Learned a level 2 spell: Momentum Strike
  7660 | D:9      | Found a staircase to the Lair.
  7860 | D:10     | Entered Level 10 of the Dungeon
  7878 | D:10     | Found a transporter.
  8006 | Lair:1   | Entered Level 1 of the Lair of Beasts
  8189 | Lair:1   | Found a glowing golden altar of the Shining One.
  8211 | Lair:1   | Reached skill level 10 in Dodging
  8669 | Lair:1   | Identified the +5 long sword of the Winnowing Gods {flame,
                  | *Noise rElec rF- SInv}
  8784 | Lair:1   | Reached skill level 1 in Evocations
  9150 | Lair:2   | Noticed a death yak
  9150 | Lair:2   | Noticed a death yak
  9150 | Lair:2   | Noticed a death yak
  9151 | Lair:2   | Noticed a death yak
  9155 | Lair:2   | Noticed a death yak
  9225 | Lair:2   | Killed a death yak
  9226 | Lair:2   | Reached XP level 12. HP: 42/103 MP: 0/16
  9239 | Lair:2   | Killed a death yak
  9249 | Lair:2   | Killed a death yak
  9261 | Lair:2   | Killed a death yak
  9286 | Lair:2   | Killed a death yak
  9811 | Lair:2   | Found a staircase to the Snake Pit.
  9848 | Lair:2   | Reached ***** piety under Makhleb
  9936 | Snake:1  | Entered Level 1 of the Snake Pit
  9936 | Snake:1  | Noticed Louise
  9943 | Abyss:2  | Cast into level 2 of the Abyss (Louise)
 10048 | Abyss:2  | Noticed a bone dragon
 10075 | Abyss:2  | Found a corrupted altar of Lugonu.
 10199 | Abyss:2  | Reached skill level 10 in Fighting
 10200 | Abyss:2  | Noticed a bone dragon
 10264 | Abyss:2  | Found a corrupted altar of Lugonu.
 10269 | Abyss:2  | Fell from the grace of Makhleb
 10269 | Abyss:2  | Became a worshipper of Lugonu the Unformed
 10269 | Abyss:2  | Reached * piety under Lugonu
 10269 | Abyss:2  | Reached ** piety under Lugonu
 10522 | Abyss:2  | Noticed a tentacled starspawn
 10555 | Abyss:2  | Killed a tentacled starspawn
 10580 | Snake:1  | Escaped the Abyss
 10583 | Snake:1  | HP: 4/85 [Louise/+1 eveningstar of flaming (5)]
 10587 | Snake:1  | Killed from afar by Louise

Illustrated notes

Levels and vault maps discovered:
D:1:      lemuel_arrival_behind_the_door_large, layout_loops_ring, serial_shops,
          shop, nicolae_shop_peninsula, nicolae_shop_waterfront, shop, shop
D:2:      layout_basic, dreamdust_ecumenical_altar_grove
D:3:      layout_loops_ring
D:4:      layout_loops_corners, mainiacjoe_overflow_surrounded_room,
          kb_xom_exploding_sheep, minmay_checkerbox
D:5:      layout_basic, fedhas_altar_2, tso_altar, serial_shops, shop,
          uniq_duvessa, uniq_prince_ribbit1, uniq_edmund, uniq_blork_the_orc
D:6:      minmay_chambers_of_fours, layout_cave_pools,
          nicolae_uskayaw_dance_hall
D:7:      layout_basic, lemuel_coloured_pillars_altar, minmay_temple_entry_grid,
          uniq_menkaure
D:8:      hangedman_cross_stitches, layout_cave_pools,
          nicolae_ossuary_entry_giza, st_stairs_2, minmay_mini_ossuary,
          uniq_joseph, uniq_maggie
D:9:      layout_roguey, grunt_lair_entry_orc_guard_hut, enter_bailey_7
D:10:     gammafunk_worm_tunnel, layout_cave_pools, kennysheep_mini,
          cheibriados_altar_2, orc_0_dummy, serial_park_tiny_pond
Lair:1:   layout_gridlike, basic_altar, st_stairs_4, grunt_megastairs_5,
          lemuel_fruit_tree, lemuel_fruit_fields
Lair:2:   layout_layer_cave, nicolae_swamp_entry_splash_gauntlet,
          minmay_snake_entry_guardpost_medium, minivault_23
Snake:1:  layout_onion_interference, serial_shops, statue_bzr, uniq_louise

Skill      XL: |  1  2  3  4  5  6  7  8  9 10 11 12 |
---------------+-------------------------------------+-----
Dodging        | 2 3 5 6 8 10 12 | 12.0
Stealth        | 2 3 4 5 6 7 |  7.0
Short Blades   | 1 2 3 4 5 7 9 10 11 12 | 12.2
Shields        | 1 2 |  2.2
Fighting       | 2 3 4 5 7 8 10 | 10.5
Spellcasting   | 3 |  3.1
Evocations     | 1 |  1.3
Unarmed Combat | |  0.1
Conjurations   | |  4.8

Action                     |  1- 3 |  4- 6 |  7- 9 | 10-12 || total
---------------------------+-------+-------+-------+-------++-------
  Melee: Unarmed           |     9 |       |       |       ||     9
         Punch             |     3 |       |     4 |       ||     7
         Dagger            |    49 |       |       |       ||    49
         Tailslap          |    10 |    10 |    54 |   255 ||   329
         Short sword       |    41 |    83 |   342 |  1179 ||  1645
   Cast: Magic Dart        |    42 |     7 |     7 |     6 ||    62
  Evoke: Wand              |       |       |     1 |       ||     1
         Box of beasts     |       |       |       |     3 ||     3
    Use: Scroll            |     2 |     2 |     6 |    11 ||    21
         Potion            |       |       |     5 |    18 ||    23
   Stab: Sleeping          |     2 |     3 |     6 |     3 ||    14
         Distracted        |     1 |       |       |     5 ||     6
 Armour: Skin              |    25 |    22 |   110 |   336 ||   493
  Dodge: Dodged            |    58 |    40 |   164 |   768 ||  1030
  Block: Other             |    11 |     9 |       |       ||    20
